 Dungeon Crawl Stone Soup version 0.28-a0-706-gf6f64a616a (webtiles) character file.

Game seed: 15503647601109677539

138 Demosthentine the Poker (level 5, 0/41 HPs)
             Began as a Merfolk Gladiator on Oct 25, 2021.
             Slain by a gnoll (11 damage)
             ... on level 2 of the Dungeon.
             The game lasted 00:01:47 (2223 turns).

Demosthentine the Poker (Merfolk Gladiator)         Turns: 2223, Time: 00:01:47

Health: 0/41       AC:  4    Str: 13 (15) XL:     5   Next: 21%
Magic:  5/5        EV: 13    Int:  8      God:
Gold:   24         SH:  0    Dex: 13 (15) Spells: 4/4 levels left

rFire   . . .      SeeInvis .   a - +0 trident
rCold   . . .      Faith    .   (no shield)
rNeg    . . .      Spirit   .   b - +0 leather armour
rPois   .          Reflect  .   c - +0 helmet
rElec   .          Harm     .   (no cloak)
rCorr   .          Rampage  .   (no gloves)
Will    .....                   (no boots)
Stlth   +.........              (no amulet)
HPRegen 0.13/turn               (no ring)
MPRegen 0.09/turn               (no ring)

@: no status effects
A: (nimble swimmer 2), mertail
a: no special abilities


You were on level 2 of the Dungeon.
You visited 1 branch of the dungeon, and saw 2 of its levels.

You collected 99 gold pieces.
You spent 75 gold pieces at shops.

Inventory:

Hand Weapons
 a - a +0 trident (weapon)
Missiles
 d - 3 throwing nets (quivered)
Armour
 b - a +0 leather armour (worn)
 c - a +0 helmet (worn)
Jewellery
 f - an amulet of the acrobat
 h - a +6 ring of intelligence
Scrolls
 e - 2 scrolls of teleportation {unknown}
Potions
 g - a potion of heal wounds {unknown}
 i - a potion of haste
 j - a potion of attraction
 k - a potion of lignification {unknown}


   Skills:
 + Level 3.3 Fighting
 + Level 5.6 Polearms
 - Level 2.0 Throwing
 + Level 1.5 Armour
 + Level 5.1 Dodging


You had 4 spell levels left.
You didn't know any spells.
Your spell library contained the following spells:

 Spells                   Type           Power      Damage    Failure   Level
 Shock                    Conj/Air       0%         1d3       50%         1
 Swiftness                Air            0%         N/A       86%         3
 Airstrike                Air            0%         N/A       99%         4


Dungeon Overview and Level Annotations

Branches:
Dungeon (2/15)

Altars:

Shops:
D:2 *


Innate Abilities, Weirdness & Mutations

((You are quick and stealthy near water. (Stealth+, EV+, Speed+++)))
Your lower body shifts to a powerful aquatic tail in water.


Message History

You reach to attack!
You puncture the kobold!
You kill the kobold!
A gnoll comes into view. It is wielding a +0 flail.
The gnoll closely misses you. The gnoll barely misses you.
Unknown command.
The gnoll shouts!
You hit the gnoll.
The gnoll is heavily wounded.
The gnoll misses you.
The gnoll hits you with a +1 flail of holy wrath.
You hit the gnoll.
The gnoll is severely wounded.
The gnoll hits you from afar with a +0 halberd!
The gnoll misses you.
You closely miss the gnoll.
The gnoll is severely wounded.
The gnoll hits you from afar with a +0 halberd!
The gnoll barely misses you.
You are too injured to fight recklessly!
You are too injured to fight recklessly!
You hit the gnoll.
You kill the gnoll!
The gnoll closely misses you.
Reach: a) +0 trident
Press: ? - help, Dir - move target, f - gnoll
Aim: a gnoll, wielding a +0 halberd (about 37% to evade your +0 trident)
You reach to attack!
You hit the gnoll.
The gnoll is lightly wounded.
The gnoll hits you from afar with a +0 halberd!
* * * LOW HITPOINT WARNING * * *
Reach: a) +0 trident
Press: ? - help, Dir - move target, f/p - gnoll
Aim: a gnoll, wielding a +0 halberd (lightly wounded, about 37% to evade your +0 trident)
You reach to attack!
You barely miss the gnoll.
The gnoll is lightly wounded.
The gnoll misses you.
Items here: )) รทรท.
There is a stone staircase leading up here.
The gnoll hits you from afar with a +0 halberd!
You die...

.## #.........# #..........#
.# #.........# #.........##
.####.........#####.....<..##
..##.....................###
..............####........#
...........#### #........#
....#.......# ##........#
##.##.......#####..#.....##
##.##.......#.g.@.###...##
##.###......gg##### #####
.....)....##### ###.####### #
#)# #g#### #g...## ####..####
#...).#


You could see 3 gnolls.

Vanquished Creatures
  An orc wizard (D:2)
  A gnoll (D:2)
  3 adders (D:2)
  4 dart slugs
  3 orcs (D:2)
  9 ball pythons
  5 endoplasms (D:1)
  A giant cockroach (D:1)
  7 goblins
  2 hobgoblins (D:1)
  3 jackals (D:2)
  A quokka (D:2)
  7 bats
  3 frilled lizards (D:1)
  7 kobolds
  4 rats
61 creatures vanquished.

Notes
Turn   | Place    | Note
-------+----------+-------------------------------------------
     0 | D:1      | Demosthentine the Merfolk Gladiator began the quest for the
                  | Orb.
     0 | D:1      | Reached XP level 1. HP: 16/16 MP: 1/1
   216 | D:1      | Reached XP level 2. HP: 21/23 MP: 2/2
   545 | D:1      | Reached XP level 3. HP: 28/28 MP: 3/3
   754 | D:1      | Reached skill level 5 in Polearms
  1089 | D:2      | Reached skill level 1 in Armour
  1287 | D:2      | Found Uruplod's Assorted Antiques.
  1297 | D:2      | Reached XP level 4. HP: 23/34 MP: 4/4
  1421 | D:2      | Bought a scroll labelled UPPEOV OM LEFU for 26 gold pieces
  1421 | D:2      | Bought a scroll labelled UPPEOV OM LEFU for 26 gold pieces
  1505 | D:2      | Reached skill level 5 in Dodging
  1529 | D:2      | Bought a bubbling golden potion for 23 gold pieces
  1872 | D:2      | Reached XP level 5. HP: 41/41 MP: 5/5
  2194 | D:2      | Found a faded altar of an unknown god.
  2223 | D:2      | Slain by a gnoll

Illustrated notes

Levels and vault maps discovered:
D:1:      wander_arrival_desolate, layout_basic
D:2:      layout_rooms, serial_shops, nicolae_diamond_shop,
          hellmonk_ecumenical_altar_watching_god

Skill      XL: |  1  2  3  4 |
---------------+-------------+-----
Polearms       | 5 |  5.6
Armour         | 1 |  1.5
Fighting       | 3 |  3.3
Dodging        | 5 |  5.1
Throwing       | |  2.0

Action                   |  1- 3 |  4- 6 || total
-------------------------+-------+-------++-------
Melee: Trident           |   114 |    89 ||   203
  Use: Scroll            |     2 |       ||     2
       Potion            |       |     3 ||     3
 Stab: Sleeping          |     6 |       ||     6
Armor: Leather armour    |    27 |    21 ||    48
Dodge: Dodged            |    58 |    69 ||   127

Table legend: (Time is in decaauts)
 A = Elapsed time spent in this place.
 B = Non-inter-level travel time spent in this place.
 C = Inter-level travel time spent in this place.
 D = Time resting spent in this place.
 E = Time spent auto-exploring this place.
 F = Levels seen in this place.
 G = Mean time per level.
                   A        B        C        D        E       F      G
               +--------+--------+--------+--------+--------+-----+--------+
         Total |   2217 |   2188 |     29 |      0 |   1801 |   2 | 1108.5 |
       Dungeon |   2217 |   2188 |     29 |      0 |   1801 |   2 | 1108.5 |
               +--------+--------+--------+--------+--------+-----+--------+

Top non-repeatable levels by time:
     D:2: 1131 daAuts
     D:1: 1085 daAuts
